 Dungeon Crawl Stone Soup version 0.25-a0-277-g7046ed1b37 (webtiles) character file.

Game seed: 17180145218532088636, levelgen mode: deterministic

17 floatRand the Chopper (level 2, 14/23 HPs)
             Began as a Demonspawn Gladiator on Dec 10, 2019.
             Quit the game on level 1 of the Dungeon.
             The game lasted 00:00:33 (446 turns).

floatRand the Chopper (Demonspawn Gladiator)         Turns: 446, Time: 00:00:33

Health: 14/23      AC:  4    Str: 14    XL:     2   Next: 44%
Magic:  11/11      EV: 12    Int:  9    God:
Gold:   41         SH:  0    Dex: 14    Spells: 1/1 levels left

rFire    . . .     SeeInvis .   a - +0 war axe
rCold    . . .     Gourm    .   (no shield)
rNeg     . . .     Faith    .   b - +0 leather armour
rPois    .         Spirit   .   c - +0 helmet
rElec    .         Reflect  .   (no cloak)
rCorr    .         Harm     .   (no gloves)
MR       .....     Rnd*Tele +   (no boots)
Stlth    +.........             (no amulet)
HPRegen  0.07/turn              g - ring of magical power
MPRegen  0.12/turn              k - ring of teleportation (curse)

@: no status effects
A: claws 1
a: no special abilities


You were on level 1 of the Dungeon.
You were not hungry.

You visited 1 branch of the dungeon, and saw 1 of its levels.

You collected 41 gold pieces.

Inventory:

Hand Weapons
 a - a +0 war axe (weapon)
Missiles
 d - 3 throwing nets (quivered)
Armour
 b - a +0 leather armour (worn)
 c - a +0 helmet (worn)
Jewellery
 g - a ring of magical power (left claw)
 k - a cursed ring of teleportation (right claw)
Scrolls
 i - a scroll of enchant armour {unknown}
Potions
 e - a potion of berserk rage {unknown}
 j - a potion of lignification {unknown}
Comestibles
 f - 2 rations


   Skills:
 + Level 2.4 Fighting
 + Level 3.0 Axes
 - Level 1.7 Throwing
 + Level 1.0 Armour
 - Level 2.6 Dodging


You had one spell level left.
You didn't know any spells.
Your spell library was empty.

Dungeon Overview and Level Annotations

Branches:
Dungeon (1/15)

Altars:


Innate Abilities, Weirdness & Mutations

You have sharp fingernails.


Message History

The kobold hits you but does no damage.
Unknown command.
You slash the kobold!
You kill the kobold!
Your Armour skill increases to level 1!
No target in view!
Unknown command.
No target in view!
Unknown command.
No target in view!
Unknown command.
j - a metallic amethyst potion
Things that are here:
a +0 short sword; a stone
Found a whip.
k - a blackened brass ring You feel slightly jumpy.
Oops, that ring feels deathly cold.
k - a cursed ring of teleportation (right claw) All of the chunks of flesh in your inventory have rotted away.
Are you sure you want to abandon this character and quit the game? (Confirm with "yes".)

.## .....# ...#.#
...... ## .#.#..
#$###......
#@#....#
#)#).##.##
..#.###.....#
#.!..#...#..#####
###......#.......
.......).......>.
###.#..†#(######
#.#.###'#######
#.......(.....#


There were no monsters in sight!

Vanquished Creatures
  2 bats (D:1)
  2 giant cockroaches (D:1)
  A goblin (D:1)
  2 hobgoblins (D:1)
  2 frilled lizards (D:1)
  4 kobolds (D:1)
  3 rats (D:1)
16 creatures vanquished.

Notes
Turn   | Place    | Note
-------+----------+-------------------------------------------
     0 | D:1      | floatRand the Demonspawn Gladiator began the quest for the
                  | Orb.
     0 | D:1      | Reached XP level 1. HP: 16/16 MP: 1/1
     2 | D:1      | Noticed a formicid
     2 | D:1      | Noticed an elf
     4 | D:1      | Noticed a vampire
     4 | D:1      | Noticed a dwarf
     6 | D:1      | Noticed a tengu
     6 | D:1      | Noticed a vine stalker
     8 | D:1      | Noticed a minotaur
     8 | D:1      | Noticed a felid
    10 | D:1      | Noticed a halfling
    12 | D:1      | Noticed a gargoyle
    12 | D:1      | Noticed an octopode
    14 | D:1      | Noticed an ogre
    14 | D:1      | Noticed a demonspawn
    16 | D:1      | Noticed a demigod
    16 | D:1      | Noticed a spriggan
    18 | D:1      | Noticed a naga
    18 | D:1      | Noticed a centaur
    20 | D:1      | Noticed a ghoul
    22 | D:1      | Noticed a draconian
    22 | D:1      | Noticed a troll
    26 | D:1      | Noticed a merfolk
    26 | D:1      | Noticed a human
   208 | D:1      | Gained mutation: You have sharp fingernails. [demonic
                  | ancestry]
   208 | D:1      | Reached XP level 2. HP: 21/22 MP: 2/2
   435 | D:1      | Reached skill level 3 in Axes
   440 | D:1      | Reached skill level 1 in Armour
   446 | D:1      | Quit the game

Levels and vault maps discovered:
D:1:      kb_arrival_jail, layout_basic, minmay_pentomino_x4

Skill      XL: |  1  2 |
---------------+-------+-----
Axes           | 3 |  3.0
Armour         | 1 |  1.0
Fighting       | |  2.4
Throwing       | |  1.7
Dodging        | |  2.6

Action                   || total
-------------------------++-------
Melee: War axe           ||    23
Armor: Leather armour    ||    10
Dodge: Dodged            ||    27

Table legend:
 A = Non-vault XP
 B = Vault XP
 C = Vault XP percentage of total XP
 D = Non-vault monster count
 E = Vault monster count
 F = Vault count percentage of total count
                 A         B        C        D         E       F
            +---------+---------+-------+---------+---------+-------
      Total |      21 |       4 |  16.0 |      13 |       3 |  18.8
            +---------+---------+-------+---------+---------+-------
        D:1 |      21 |       4 |  16.0 |      13 |       3 |  18.8
            +---------+---------+-------+---------+---------+-------
